 Dungeon Crawl Stone Soup version 0.26-a0-28-gc929df5 (webtiles) character file.

Game seed: 17327899923544109122, levelgen mode: deterministic

1683 Balder the Ruffian (level 8, 0/78 HPs)
             Began as a Troll Berserker on May 28, 2020.
             Was a Priest of Trog.
             Killed by nerve-wracking pain
             ... invoked by Menkaure
              (10 damage)
             ... on level 5 of the Dungeon.
             The game lasted 00:17:50 (3868 turns).

Balder the Ruffian (Troll Berserker)                Turns: 3868, Time: 00:17:50

Health: 0/78       AC:  7    Str: 26    XL:     8   Next: 71%
Magic:  7/7        EV: 11    Int:  3    God:    Trog [***...]
Gold:   154        SH:  0    Dex: 11    Spells: 7/7 levels left

rFire    . . .     SeeInvis .     - Unarmed
rCold    . . .     Gourm    +   (no shield)
rNeg     . . .     Faith    .   q - +0 animal skin
rPois    .         Spirit   .   (helmet restricted)
rElec    .         Reflect  .   y - +0 cloak
rCorr    .         Harm     .   (gloves unavailable)
MR       .....                  (boots unavailable)
Stlth    +.........             (no amulet)
HPRegen  0.63/turn              (no ring)
MPRegen  0.10/turn              (no ring)

@: no status effects
A: large, unfitting armour, claws 3, fast metabolism 3, gourmand, regeneration
1, shaggy fur 1, tough skin 3
a: Berserk, Trog's Hand, Renounce Religion


You were on level 5 of the Dungeon.
You worshipped Trog.
Trog was most pleased with you.
You were very full.

You visited 1 branch of the dungeon, and saw 5 of its levels.

You collected 154 gold pieces.

Inventory:

Hand Weapons
 a - a +0 flail
 w - a +2 whip of electrocution
 x - a +3 quarterstaff of chaos
Missiles
 f - 8 poisoned darts (quivered)
Armour
 q - a +0 animal skin (worn)
 y - a +0 cloak (worn)
Scrolls
 c - 7 scrolls of teleportation {unknown}
 e - 2 scrolls of magic mapping {unknown}
 g - 2 scrolls of fog {unknown}
 i - 2 scrolls of enchant armour {unknown}
 j - 2 scrolls of remove curse {unknown}
 l - 4 scrolls of identify {unknown}
 o - a scroll of immolation {unknown}
 u - a scroll of noise {unknown}
Potions
 d - a potion of heal wounds {unknown}
 h - a potion of lignification {unknown}
 k - a potion of flight {unknown}
 m - a potion of ambrosia {unknown}
 n - a potion of haste {unknown}
 p - 2 potions of curing {unknown}
 r - a potion of stabbing {unknown}
 s - 2 potions of might {unknown}
 t - a potion of brilliance {unknown}
 v - a potion of berserk rage {unknown}
 z - 2 potions of cancellation {unknown}
Comestibles
 b - 13 rations
 A - 4 chunks of flesh


   Skills:
 * Level 4.1 Fighting
 * Level 4.3 Maces & Flails
 * Level 3.1 Throwing
 * Level 4.4 Dodging
 + Level 0.9 Stealth
 * Level 7.4 Unarmed Combat


You had 7 spell levels left.
You didn't know any spells.
Your spell library was empty.

Dungeon Overview and Level Annotations

Branches:
Dungeon (5/15)
 Temple: D:4-7

Altars:
Ashenzari
Hepliaklqana
Okawaru

Shops:
D:4 :

Annotations:
D:5 Menkaure


Innate Abilities, Weirdness & Mutations

You are too large for most types of armour.
You have claws for hands.
Your metabolism is lightning-fast.
You like to eat raw meat.
Your natural rate of healing is unusually fast.
You are covered in fur. (AC +1)
You have extremely tough skin. (AC +3)


Message History

Menkaure seems to speed up.
Menkaure calls on the powers of darkness!
Your body is wracked with pain!
* * * LOW HITPOINT WARNING * * *
You feel the effects of Trog's Hand fading.
Menkaure's bandages flutter.
Things that are here:
a cursed +0 ring mail; an orc skeleton Your skin stops crawling.
You feel less resistant to hostile enchantments.
Menkaure calls on the powers of darkness!
Your body is wracked with pain!
* * * LOW HITPOINT WARNING * * *
Menkaure calls on the powers of darkness!
Your body is wracked with pain!
* * * LOW HITPOINT WARNING * * *
There is a stone staircase leading up here.
Menkaure casts a spell at you. Pain shoots through your body!
You die...

#...#...#...#..........
...#...#...#).#........#
..#...#...#..)##.......#
...#...#..o#[.##.......#
#...#...#...#.##.......#
............M.##.......#
..#...#...#...#........#
...#...#...#...........#
#...#..)#...#..#@......#
...#...#...#..##.......#
..#...#...#.).##.......#
.รท............####(#####
..#............# )#
>.#............# .#
..#......#####.# #
..#......# #.#.#
.........# #.#.#


You could see Menkaure (fast) and an orc.

Vanquished Creatures
  Pikel (D:5)
  3 slaves (D:5)
  2 phantoms (D:4)
  2 ogres
  A centaur (D:5)
  A bullfrog (D:5)
  3 scorpions
  A howler monkey (D:4)
  A bullfrog zombie (D:5)
  3 orc priests
  Crazy Yiuf (D:5)
  A hound (D:5)
  3 orc wizards
  A gnoll shaman (D:4)
  4 worker ants
  A hound zombie (D:4)
  A howler monkey zombie (D:5)
  8 gnolls
  4 adders
  4 worms
  A dart slug (D:2)
  5 leopard geckos
  20 orcs
  2 ball pythons
  3 giant cockroaches
  7 goblins
  4 hobgoblins
  4 kobolds
  2 quokkas
  6 bats
  3 frilled lizards
  A quokka skeleton (D:4)
  A quokka zombie (D:5)
  8 rats
113 creatures vanquished.

Vanquished Creatures (others)
  A slave (D:5)
  An orc (D:5)
2 creatures vanquished.

Grand Total: 115 creatures vanquished

Notes
Turn   | Place    | Note
-------+----------+-------------------------------------------
     0 | D:1      | Balder the Troll Berserker began the quest for the Orb.
     0 | D:1      | Reached XP level 1. HP: 22/22 MP: 0/0
   212 | D:1      | Reached XP level 2. HP: 26/29 MP: 1/1
   842 | D:2      | Reached XP level 3. HP: 30/36 MP: 2/2
  1095 | D:2      | Found a shattered altar of Ashenzari.
  1389 | D:3      | Reached ** piety under Trog
  1550 | D:3      | Found an iron altar of Okawaru.
  1597 | D:3      | Reached skill level 4 in Unarmed Combat
  1597 | D:3      | Reached XP level 4. HP: 41/44 MP: 3/3
  1976 | D:4      | Reached skill level 1 in Throwing
  1976 | D:4      | Reached XP level 5. HP: 42/52 MP: 4/4
  1980 | D:4      | Reached skill level 1 in Maces & Flails
  2117 | D:4      | Reached skill level 5 in Unarmed Combat
  2117 | D:4      | Reached XP level 6. HP: 37/59 MP: 5/5
  2421 | D:4      | Found a hazy altar of Hepliaklqana.
  2647 | D:4      | Reached XP level 7. HP: 59/67 MP: 6/6
  2988 | D:4      | Found Dieca's Book Emporium.
  2995 | D:4      | Reached *** piety under Trog
  3271 | D:5      | Entered Level 5 of the Dungeon
  3383 | D:5      | Found a runed translucent door.
  3384 | D:5      | Noticed Crazy Yiuf
  3396 | D:5      | Killed Crazy Yiuf
  3486 | D:5      | Noticed Pikel
  3523 | D:5      | Killed Pikel
  3523 | D:5      | Reached skill level 6 in Unarmed Combat
  3523 | D:5      | Reached XP level 8. HP: 40/78 MP: 7/7
  3695 | D:5      | Reached skill level 7 in Unarmed Combat
  3838 | D:5      | Noticed Menkaure
  3868 | D:5      | Killed from afar by Menkaure

Illustrated notes

Levels and vault maps discovered:
D:1:      grunt_arrival_crossed_arrows, layout_basic
D:2:      layout_loops_ring, ashenzari_altar_1
D:3:      layout_basic, first_ration, okawaru_metal_pillars_1_2
D:4:      layout_basic, kennysheep_mini, kennysheep_windowed_goal
D:5:      cheibrodos_fzero, layout_rooms, minivault_26, uniq_pikel,
          uniq_crazy_yiuf_cottage, uniq_menkaure

Skill      XL: |  1  2  3  4  5  6  7  8 |
---------------+-------------------------+-----
Unarmed Combat | 4 5 6 7 |  7.4
Dodging        | 3 4 |  4.4
Throwing       | 1 2 3 |  3.1
Maces & Flails | 1 2 4 |  4.3
Fighting       | 3 4 |  4.1
Stealth        | |  0.9

Action                   |  1- 3 |  4- 6 |  7- 9 || total
-------------------------+-------+-------+-------++-------
Melee: Unarmed           |   117 |    90 |   118 ||   325
       Flail             |       |    81 |    40 ||   121
       Punch             |       |     2 |     3 ||     5
Throw: Dart              |       |    12 |     2 ||    14
Invok: Trog's Hand       |       |     3 |     3 ||     6
       Berserk           |       |       |     1 ||     1
 Stab: Sleeping          |       |       |     1 ||     1
  Eat: Chunk             |    20 |    11 |    13 ||    44
Armor: Animal skin       |    57 |    53 |    54 ||   164
Dodge: Dodged            |    61 |   100 |    85 ||   246

Table legend:
 A = Non-vault XP
 B = Vault XP
 C = Vault XP percentage of total XP
 D = Non-vault monster count
 E = Vault monster count
 F = Vault count percentage of total count
                 A         B        C        D         E       F
            +---------+---------+-------+---------+---------+-------
      Total |    1213 |    1192 |  49.6 |      97 |      13 |  11.8
            +---------+---------+-------+---------+---------+-------
        D:1 |      30 |       0 |   0.0 |      17 |       0 |   0.0
        D:2 |      38 |       0 |   0.0 |      14 |       0 |   0.0
        D:3 |      93 |       0 |   0.0 |      22 |       0 |   0.0
        D:4 |     896 |      51 |   5.4 |      34 |       1 |   2.9
        D:5 |     156 |    1141 |  88.0 |      10 |      12 |  54.5
            +---------+---------+-------+---------+---------+-------
